 Dungeon Crawl Stone Soup version 0.30-a0-339-g89bb51ec76 (webtiles) character file.

Game seed: 13239378649319907199

13894 Lobster4 the Fighter (level 12, -7/100 HPs)
             Began as a Hill Orc Hunter on Oct 31, 2022.
             Was a High Priest of Hepliaklqana.
             Mangled by a large abomination (25 damage)
             ... in a Gauntlet.
             The game lasted 00:56:31 (13149 turns).

Lobster4 the Fighter (Hill Orc Hunter)             Turns: 13149, Time: 00:56:32

Health: -7/100     AC: 18    Str: 15    XL:     12   Next: 10%
Magic:  0/18       EV:  8    Int: 15    God:    Hepliaklqana [*****.]
Gold:   739        SH:  0    Dex: 18    Spells: 17/17 levels left

rFire   . . .      SeeInvis .    b - +3 rapier (protect)
rCold   + + .      Faith    .    (no shield)
rNeg    . . .      Spirit   +    L - +1 chain mail of the Okapi {rC+ Int+6}
rPois   .          Reflect  .    (no helmet)
rElec   .          Harm     .    (no cloak)
rCorr   .          Rampage  .    I - +1 pair of gloves
Will    .....      NoTele   +    Q - +2 pair of boots {Fly}
Stlth   ..........               x - amulet of guardian spirit
HPRegen 0.36/turn                e - ring of protection from cold
MPRegen 0.16/turn                (no ring)

@: mighty, flying
A: reduced essence
a: Renounce Religion, Recall Ancestor, Ancestor Identity, Transference, Idealise


You were in a Gauntlet.
You worshipped Hepliaklqana.
Hepliaklqana was extremely pleased with you.
You visited 2 branches of the dungeon, and saw 13 of its levels.
You also visited: Bailey and Gauntlet.

You collected 1067 gold pieces.
You spent 328 gold pieces at shops.

Inventory:

Hand Weapons
 a - a +0 shortbow of flaming
 b - a +3 rapier of protection (weapon)
 D - a +4 rapier of speed
 T - a +0 vorpal double sword
 V - the +7 triple crossbow of Distant Shores {freeze, Str+4}
   (You acquired it on level 9 of the Dungeon)

   Any ammunition fired from it freezes those it strikes, dealing additional
   cold damage.
   It can also slow down cold-blooded creatures.
   Str:       It affects your strength (+4).
Missiles
 c - 18 boomerangs
 h - 50 poisoned darts
 r - 5 silver javelins
 v - a curare-tipped dart
 y - a throwing net
 M - 15 javelins
Armour
 f - the +2 pair of boots "Vempeowe" {rElec rF- MP+9}
   (You found it in a Gauntlet)

   rF:        It makes you vulnerable to fire.
   rElec:     It insulates you from electricity.
   MP:        It affects your magic capacity (+9).
 l - a +1 pair of boots of stealth
 m - the +0 robe of Gravitas {Slay+2}
   (You found it on level 10 of the Dungeon)

   Slay:      It affects your accuracy & damage with ranged weapons and melee
   (+2).
 u - a +0 scale mail
 I - a +1 pair of gloves (worn)
 L - the +1 chain mail of the Okapi (worn) {rC+ Int+6}
   (You found it on level 11 of the Dungeon)

   Int:       It affects your intelligence (+6).
   rC:        It protects you from cold.
 P - a +2 plate armour of cold resistance
 Q - a +2 pair of boots of flying (worn)
Magical Staves
 k - a staff of fire
 K - a staff of air
Jewellery
 e - a ring of protection from cold (left hand)
 q - a ring of ice
 x - an amulet of guardian spirit (around neck)
Wands
 t - a wand of charming (8)
 C - a wand of flame (35)
 N - a wand of polymorph (16)
 U - a wand of roots (3)
Scrolls
 d - 3 scrolls of immolation
 n - a scroll of summoning {unknown}
 o - a scroll of fear
 s - 6 scrolls of teleportation
 E - a scroll of butterflies
 O - a scroll of vulnerability {unknown}
 W - a scroll of enchant weapon {unknown}
Potions
 g - a potion of magic
 i - 3 potions of ambrosia
 j - a potion of lignification {unknown}
 A - 2 potions of cancellation
 F - 7 potions of curing
 G - 3 potions of brilliance
Miscellaneous
 R - a tin of tremorstones (2/2)


   Skills:
 + Level 12.0 Fighting
 + Level 4.1(4.5) Short Blades
 - Level 2.9(4.1) Long Blades
 + Level 9.6 Ranged Weapons
 - Level 1.0 Throwing
 + Level 9.3 Armour
 - Level 2.0 Dodging
 - Level 1.0 Stealth
 - Level 3.0 Spellcasting
 - Level 3.0 Fire Magic
 + Level 8.2 Invocations
 - Level 3.0 Evocations


You had 17 spell levels left.
You didn't know any spells.
Your spell library contained the following spells:

 Spells                   Type           Power      Damage    Failure   Level
 Freeze                   Ice            8%         1d3       95%         1
 Necrotise                Necr           8%         1d4       95%         1
 Ensorcelled Hibernation  Hex/Ice        4%         N/A       98%         2
 Kindle Blastsparks       Fire/Tloc/Air  10%        2d10      99%         3
 Frozen Ramparts          Ice            4%         1d1       100%        3
 Hailstorm                Conj/Ice       2%         3d3       100%        3
 Spider Form              Tmut/Pois      2%         N/A       100%        3
 Vampiric Draining        Necr           2%         2d6       100%        3
 Anguish                  Hex/Necr       1%         N/A       100%        4
 Fulminant Prism          Conj/Hex       1%         3d5       100%        4
 Ice Form                 Ice/Tmut       2%         N/A       100%        4
 Iskenderun's Mystic Bla  Conj/Tloc      2%         2d3       100%        4
 Agony                    Necr           2%         N/A       100%        5
 Lee's Rapid Deconstruct  Erth           1%         3d4*      100%        5
 Simulacrum               Ice/Necr       1%         N/A       100%        6


Dungeon Overview and Level Annotations

Branches:
Dungeon (12/15)            Temple (1/1) D:4            Lair (0/5) D:9
    Orc (0/2) D:9          Bailey (visited)         Gauntlet (1/1)

Altars:
Ashenzari
Cheibriados
Dithmenos
Elyvilon
Fedhas
Gozag
Hepliaklqana
Kikubaaqudgha
Makhleb
Nemelex Xobeh
Okawaru
Qazlal
Ru
Sif Muna
Trog
Uskayaw
Vehumet
Wu Jian
Xom
Yredelemnul
Zin
The Shining One
Beogh

Shops:
D:5 *   D:7 *   D:11 *(

Annotations:
D:4 Grinder
D:5 3 runed translucent doors, ColgateMemes's ghost, novice NaTm; lunkers's ghost, novice MeCj
D:6 3 runed translucent doors, DasBelly's ghost, novice DEFE Gauntlet 11 transporters, 3 runed translucent doors, exclusion: lightning spire


Message History

The large abomination is almost destroyed.
The large abomination hits you!
* * * LOW HITPOINT WARNING * * *
You hit the large abomination.
The large abomination is almost destroyed.
The large abomination hits you.
* * * LOW HITPOINT WARNING * * *
You hit the large abomination.
You destroy the large abomination!
You puncture the small abomination!
The small abomination is heavily damaged.
The small abomination barely misses you.
You hit the small abomination.
The small abomination is severely damaged.
You puncture the small abomination!
You destroy the small abomination!
You puncture the large abomination!
The large abomination is lightly damaged.
The large abomination hits you but does no damage.
You puncture the large abomination!
The large abomination is moderately damaged.
The large abomination hits you!!
* * * LOW HITPOINT WARNING * * *
You feel much better. The large abomination hits you!!
* * * LOW HITPOINT WARNING * * *
You feel much better. The large abomination hits you!!
* * * LOW HITPOINT WARNING * * *
Blink to where?
Press: ? - help, Dir - move target
As you read the scroll of blinking, it crumbles to dust.
There is a transporter landing site here.
You see here the +2 pair of boots "Vempeowe" {rElec rF- MP+9}.
f - the +2 pair of boots "Vempeowe" {rElec rF- MP+9} The death scarab waves its antennae.
You see here a +1 pair of boots of stealth.
l - a +1 pair of boots of stealth You see here a potion of curing.
F - 7 potions of curing (gained 1)
The large abomination hits you!!
You die...

............8.....8.....8.##
###########...............§#
#^.......^#...#########§..##
#.#.#.#.#.#...#.......#...≈#
#).#.#.#^.#####.####..#...##
#[#^#.#.#^#...#.....#.#...§#
#©.#.©.#^.#©8©####©.#.#©8.##
#.#^#.#.#B#...#..X#.#.#...≈#
#!.#.#.#..######@.#.#.#...##
#.#.#.#.#.#...#©#.#...#...≈#
#.......Z.#...#########...##
###########...............≈#
............8.....8.....8.##
.....8.....................##
.............###########...≈#
.#########...#...5.....#...##
.#.....BB#...#...###...#.∩.≈#


You could see a large abomination, a death scarab and a white imp.

Vanquished Creatures
  Gastronok (D:8)
  A two-headed ogre (D:11)
  An orc knight (Bailey)
  Pikel (D:5)
  A cyclops (D:8)
  A komodo dragon (D:9)
  A troll (D:9)
  2 large abominations (Gauntlet)
  A shadow (D:10)
  A wyvern (D:6)
  3 yaks (D:10)
  A wraith (D:11)
  Grum (D:9)
  2 steam dragons
  Duvessa (D:4)
  6 orc warriors
  A black bear (D:6)
  A sky beast (D:7)
  5 ogres
  A wolf (D:9)
  5 centaurs
  2 lemures (D:5)
  4 kobold brigands
  2 bullfrogs
  A necrophage (D:4)
  3 gnoll sergeants
  3 scorpions (D:5)
  2 jellies
  3 killer bees (D:10)
  An orc priest (D:10)
  2 hounds (D:4)
  3 small abominations (Gauntlet)
  Natasha (thrice) (D:3)
  2 iguanas
  2 orc wizards
  12 gnolls
  4 adders
  A white imp (D:8)
  An ufetubus (D:5)
  2 worms (D:2)
  A dart slug (D:2)
  16 orcs
  2 bats
  9 endoplasms
  4 giant cockroaches
  11 goblins
  4 hobgoblins
  4 jackals (D:1)
  21 kobolds
  5 quokkas
  4 ball pythons
  3 frilled lizards
  4 rats
179 creatures vanquished.

Vanquished Creatures (collateral kills)
  Urug (D:11)
  An ugly thing (D:8)
  Joseph (D:8)
  A kobold demonologist (D:10)
  Psyche (D:8)
  A troll (D:10)
  A shadow (D:10)
  A wraith (D:10)
  3 yaks
  2 water moccasins
  A black bear (D:9)
  8 orc warriors
  2 sky beasts (D:6)
  2 ogres (D:6)
  2 wolves (D:9)
  A centaur (D:7)
  A lemure (D:5)
  A bullfrog (D:9)
  3 kobold brigands
  A gnoll sergeant (D:11)
  2 scorpions
  2 small abominations (Gauntlet)
  3 wights (D:9)
  Dowan (D:4)
  3 killer bees (D:10)
  A gnoll bouda (D:6)
  A hound (D:6)
  An orc priest (D:9)
  6 orc wizards
  2 adders (D:6)
  3 gnolls
  A white imp (D:6)
  5 orcs
  3 goblins
  2 hobgoblins (Bailey)
  6 kobolds
77 creatures vanquished.

Vanquished Creatures (others)
  8 knights
  3 ancestors
  8 fungi (D:9)
  7 plants (D:9)
26 creatures vanquished.

Grand Total: 282 creatures vanquished

Notes
Turn   | Place    | Note
-------+----------+-------------------------------------------
     0 | D:1      | Lobster4 the Hill Orc Hunter began the quest for the Orb.
     0 | D:1      | Reached XP level 1. HP: 18/18 MP: 1/1
   159 | D:1      | Reached skill level 1 in Stealth
   181 | D:1      | Reached XP level 2. HP: 25/25 MP: 2/2
   470 | D:1      | Reached skill level 1 in Armour
   969 | D:2      | Reached XP level 3. HP: 30/30 MP: 3/3
  1026 | D:2      | Reached skill level 3 in Fighting
  1573 | D:2      | Reached XP level 4. HP: 38/38 MP: 4/4
  1807 | D:3      | Noticed Natasha
  1812 | D:3      | Killed Natasha
  1906 | D:3      | Noticed Natasha
  1913 | D:3      | Killed Natasha
  1914 | D:3      | Reached XP level 5. HP: 46/46 MP: 5/5
  1914 | D:3      | Found a shadowy altar of Dithmenos.
  2084 | D:3      | Found a shimmering blue altar of Sif Muna.
  2127 | D:3      | Noticed Natasha
  2137 | D:3      | Killed Natasha
  2138 | D:3      | Reached skill level 4 in Fighting
  2322 | D:4      | Found an iron altar of Okawaru.
  2354 | D:4      | Found a staircase to the Ecumenical Temple.
  2361 | Temple   | Entered the Ecumenical Temple
  2405 | Temple   | Became a worshipper of Hepliaklqana the Forgotten
  2916 | D:4      | Reached skill level 1 in Evocations
  2916 | D:4      | Reached XP level 6. HP: 46/53 MP: 4/6
  3155 | D:4      | Found a sacrificial altar of Ru.
  3175 | D:4      | Noticed Duvessa
  3201 | D:4      | Killed Duvessa
  3202 | D:4      | Reached skill level 5 in Fighting
  3202 | D:4      | Reached XP level 7. HP: 29/61 MP: 3/7
  3244 | D:4      | Noticed Dowan
  3263 | D:4      | Killed Dowan
  3264 | D:4      | Reached skill level 1 in Long Blades
  3264 | D:4      | Reached skill level 5 in Ranged Weapons
  3517 | D:4      | Noticed a steam dragon
  3538 | D:4      | Reached * piety under Hepliaklqana
  3818 | D:4      | Killed a steam dragon
  4162 | D:4      | Found a stormy altar of Qazlal.
  4200 | D:5      | Entered Level 5 of the Dungeon
  4249 | D:5      | Found Otabaek's Elemental Accessories.
  4298 | D:5      | Found a blossoming altar of Fedhas.
  4301 | D:5      | Found an ancient bone altar of Kikubaaqudgha.
  4327 | D:5      | Reached XP level 8. HP: 61/63 MP: 8/8
  4490 | D:5      | Found an opulent altar of Gozag.
  4522 | D:5      | Found a snail-covered altar of Cheibriados.
  4557 | D:5      | Found a runed translucent gate.
  4558 | D:5      | Found a runed translucent gate.
  4558 | D:5      | Found a runed translucent gate.
  4559 | D:5      | Noticed ColgateMemes's ghost (novice NaTm)
  4559 | D:5      | Noticed lunkers's ghost (novice MeCj)
  4747 | D:5      | Noticed Pikel
  4843 | D:5      | Found a glowing golden altar of the Shining One.
  5121 | D:4      | Noticed Grinder
  5440 | D:5      | Killed Pikel
  5441 | D:5      | Reached skill level 6 in Fighting
  5441 | D:5      | Reached skill level 5 in Armour
  5559 | D:6      | Reached skill level 7 in Fighting
  5720 | D:6      | Reached ** piety under Hepliaklqana
  5721 | D:6      | Remembered your ancestor Namzu as a knight
  5745 | D:6      | Reached skill level 1 in Invocations
  5745 | D:6      | Reached XP level 9. HP: 72/72 MP: 9/9
  5768 | D:6      | Reached skill level 1 in Throwing
  5795 | D:6      | Reached skill level 8 in Fighting
  6183 | D:6      | Found a runed translucent gate.
  6183 | D:6      | Found a runed translucent gate.
  6183 | D:6      | Found a runed translucent gate.
  6186 | D:6      | Noticed DasBelly's ghost (novice DEFE)
  6187 | D:6      | Identified the +3 plate armour of Okawaru's Supremacy
                  | {Slay+2}
  6704 | D:6      | Found a roughly hewn altar of Beogh.
  6787 | D:7      | Reached skill level 9 in Fighting
  6956 | D:7      | Reached *** piety under Hepliaklqana
  7024 | D:7      | Found Zin's Purification Station.
  7024 | D:7      | Found a glowing silver altar of Zin.
  7214 | D:7      | Reached skill level 5 in Invocations
  8228 | D:8      | Noticed a purple ugly thing
  8240 | D:8      | Killed a purple ugly thing
  8241 | D:8      | Reached skill level 1 in Spellcasting
  8241 | D:8      | Reached XP level 10. HP: 81/81 MP: 13/13
  8331 | D:8      | Noticed Joseph
  8338 | D:8      | Killed Joseph
  8458 | D:8      | Reached **** piety under Hepliaklqana
  8540 | D:8      | Noticed Gastronok
  8540 | D:8      | Noticed a cyclops
  8552 | D:8      | Killed a cyclops
  8563 | D:8      | Killed Gastronok
  8564 | D:8      | Reached skill level 10 in Fighting
  8641 | D:8      | Noticed Psyche
  8703 | D:8      | Killed Psyche
  9168 | D:9      | Found a flagged portal.
  9175 | Bailey   | Entered a bailey
  9211 | Bailey   | Identified the +7 halberd of Ryigh {flame, Contam Will+
                  | Dex+4}
  9395 | Bailey   | Noticed an orc knight
  9463 | Bailey   | Killed an orc knight
  9464 | Bailey   | Reached skill level 1 in Fire Magic
  9464 | Bailey   | Reached XP level 11. HP: 70/90 MP: 13/15
  9860 | D:9      | Found a white marble altar of Elyvilon.
 10021 | D:9      | Reached skill level 11 in Fighting
 10104 | D:9      | Identified a scroll of acquirement
 10104 | D:9      | Acquired the +7 triple crossbow of Distant Shores {freeze,
                  | Str+4}
 10254 | D:9      | Found a staircase to the Orcish Mines.
 10488 | D:9      | Found a hide-covered altar of Uskayaw.
 10587 | D:9      | Found a shimmering altar of Xom.
 10654 | D:9      | Found a staircase to the Lair.
 10739 | D:9      | Noticed Grum
 10745 | D:9      | Killed Grum
 10963 | D:10     | Entered Level 10 of the Dungeon
 11202 | D:10     | Identified the +0 robe of Gravitas {Slay+2}
 11835 | D:10     | Reached ***** piety under Hepliaklqana
 11986 | D:11     | Found Ofighuv's Weapon Boutique.
 11995 | D:11     | Bought a +3 rapier of protection for 305 gold pieces
 12048 | D:11     | Identified the +1 chain mail of the Okapi {rC+ Int+6}
 12111 | D:11     | Noticed a two-headed ogre
 12116 | D:11     | Killed a two-headed ogre
 12416 | D:11     | Noticed Urug
 12424 | D:11     | Killed Urug
 12425 | D:11     | Reached XP level 12. HP: 90/100 MP: 14/18
 12653 | D:11     | Found Wolaticw's Assorted Antiques.
 12661 | D:11     | Bought a fuming white potion for 23 gold pieces
 12841 | D:11     | Found a faded altar of an unknown god.
 12896 | D:12     | Found a gate leading to a gauntlet.
 12903 | Gauntlet | Entered a Gauntlet
 12903 | Gauntlet | Found a transporter.
 12912 | Gauntlet | Found a transporter.
 12933 | Gauntlet | Found a transporter.
 12936 | Gauntlet | Noticed a death scarab
 12950 | Gauntlet | Noticed a death scarab
 12954 | Gauntlet | Found a transporter.
 12965 | Gauntlet | Noticed a death scarab
 12965 | Gauntlet | Noticed a death scarab
 12967 | Gauntlet | Found a runed translucent gate.
 12967 | Gauntlet | Found a transporter.
 12967 | Gauntlet | Found a runed translucent gate.
 12969 | Gauntlet | Found a runed translucent gate.
 12981 | Gauntlet | Found a transporter.
 13007 | Gauntlet | Noticed a ghost crab
 13010 | Gauntlet | Found a transporter.
 13010 | Gauntlet | Found a transporter.
 13017 | Gauntlet | Found a transporter.
 13048 | Gauntlet | Found a transporter.
 13048 | Gauntlet | Found a transporter.
 13049 | Gauntlet | Found the +3 pair of mountain boots {steadfast, rC+}
 13075 | Gauntlet | Found a transporter.
 13128 | Gauntlet | Reached skill level 12 in Fighting
 13144 | Gauntlet | Identified the +2 pair of boots "Vempeowe" {rElec rF- MP+9}
 13149 | Gauntlet | Mangled by a large abomination

Illustrated notes

Levels and vault maps discovered:
D:1:      eino_arrival_druids_welcome, layout_basic, minmay_ruptured
D:2:      layout_basic
D:3:      layout_rooms, general_overflow_altar,
          mainiacjoe_overflow_tiny_flanked, uniq_natasha
D:4:      layout_layer_cave, nicolae_qazlal_scattered_showers,
          nicolae_ru_great_annihilating_truth, amcnicky_altar_gilded,
          temple_green, st_stairs_6, grunt_ministairs_14, minivault_4,
          uniq_grinder, uniq_duvessa
D:5:      layout_rooms, grunt_temple_overflow_growth_and_decay, tso_altar,
          mainiacjoe_overflow_two_lobes, gammafunk_ghost_cemetery,
          chequers_serial_rivers_marsh, hex_large, nicolae_elemental_shop,
          chequers_serial_rivers_large_b, uniq_pikel
D:6:      minmay_octagon_keep, layout_rooms, biasface_ghost_orc_armoury,
          skrybe_limestone_x
D:7:      layout_layer_cave, zin_purify
D:8:      layout_loops_corners, uniq_joseph, uniq_psyche, uniq_gastronok
D:9:      layout_stronghold, nicolae_overflow_crystal_walls,
          nicolae_uskayaw_suspiria, mainiacjoe_overflow_catwalk,
          grunt_lair_entry_orc_guard_hut,
          kennysheep_orc_monster_closet_entryway, enter_bailey_3, uniq_grum
D:10:     layout_basic
D:11:     layout_irregular_city, serial_shops,
          nicolae_shop_bloodbath_and_beyond, nicolae_shop_stone,
          serial_column_ruins, column_ruins_temple_hut,
          column_ruins_corridor_straight, column_ruins_columns_straight,
          column_ruins_columns_corner, column_ruins_columns_straight,
          column_ruins_columns_straight, column_ruins_columns_straight,
          uniq_urug
D:12:     layout_loops_ring, gauntlet_entry_generic
Temple:   hellmonk_temple_beads
Gauntlet: minmay_gauntlet_mixed_oops_all_seconds
          [minmay_gauntlet_arena_77_mirror, nicolae_gauntlet_arena_t_cross,
          minmay_gauntlet_arena_77_radiant_squares,
          gammafunk_gauntlet_arena_teeth, minmay_gauntlet_arena_77_run_for_it,
          gammafunk_gauntlet_arena_grid, gauntlet_exit_green]

Skill      XL: |  1  2  3  4  5  6  7  8  9 10 11 12 |
---------------+-------------------------------------+-----
Stealth        | 1 |  1.0
Armour         | 1 2 3 4 5 6 8 9 |  9.3
Fighting       | 3 4 5 7 9 10 11 12 | 12.0
Dodging        | 2 |  2.0
Ranged Weapons | 4 5 6 7 8 9 |  9.6
Evocations     | 1 2 3 |  3.0
Long Blades    | 2 |  2.9
Short Blades   | 2 3 4 |  4.1
Invocations    | 1 5 8 |  8.2
Throwing       | 1 |  1.0
Spellcasting   | 1 3 |  3.0
Fire Magic     | 1 3 |  3.0

Action                   |  1- 3 |  4- 6 |  7- 9 | 10-12 || total
-------------------------+-------+-------+-------+-------++-------
Melee: Long sword        |       |    15 |    13 |       ||    28
       Dagger            |       |       |    21 |       ||    21
       Rapier            |       |       |    36 |    75 ||   111
       Punch             |       |       |     2 |     2 ||     4
 Fire: Shortbow          |    97 |   118 |   215 |   383 ||   813
Invok: Recall Ancestor   |       |       |     1 |     2 ||     3
       Ancestor Life: Kn |       |       |     1 |       ||     1
       Idealise          |       |       |       |     1 ||     1
Evoke: Wand              |       |     4 |     1 |       ||     5
  Use: Scroll            |     3 |     3 |     6 |    12 ||    24
       Potion            |       |     3 |     2 |     7 ||    12
 Stab: Distracted        |       |       |       |     1 ||     1
Armor: Leather armour    |    10 |       |       |       ||    10
       Ring mail         |       |    26 |    37 |     3 ||    66
       Plate armour      |       |       |       |    13 ||    13
       Chain mail        |       |       |       |    69 ||    69
Dodge: Dodged            |    19 |    60 |    65 |    80 ||   224

Table legend: (Time is in decaauts)
 A = Elapsed time spent in this place.
 B = Non-inter-level travel time spent in this place.
 C = Inter-level travel time spent in this place.
 D = Time resting spent in this place.
 E = Time spent auto-exploring this place.
 F = Levels seen in this place.
 G = Mean time per level.
                   A        B        C        D        E       F      G
               +--------+--------+--------+--------+--------+-----+--------+
         Total |  13426 |  12795 |    631 |   1302 |   8567 |  15 |  895.1 |
       Dungeon |  12315 |  11757 |    558 |   1095 |   8313 |  12 | 1026.2 |
        Temple |    177 |    104 |     73 |      0 |     92 |   1 |  177.0 |
        Bailey |    689 |    689 |      0 |    207 |      0 |   1 |  689.0 |
      Gauntlet |    244 |    244 |      0 |      0 |    162 |   1 |  244.0 |
               +--------+--------+--------+--------+--------+-----+--------+

Top non-repeatable levels by time:
     D:4: 1663 daAuts
     D:7: 1400 daAuts
     D:9: 1360 daAuts
     D:5: 1272 daAuts
     D:6: 1132 daAuts
     D:8: 969 daAuts
     D:1: 949 daAuts
    D:11: 925 daAuts
     D:3: 910 daAuts
    D:10: 907 daAuts
     D:2: 806 daAuts
  Bailey: 689 daAuts
Gauntlet: 244 daAuts
  Temple: 177 daAuts
    D:12: 17 daAuts
